 Dungeon Crawl Stone Soup version 0.29.0-4-gdea44cf6ec (webtiles) character file.

Game seed: 16589010627155094660

10 qw the Chopper (level 2, 0/17 HPs)
             Began as a Tengu Warper on Aug 28, 2022.
             Slain by a gnoll
             ... wielding a +0 spear
              (3 damage)
             ... on level 1 of the Dungeon.
             The game lasted 00:00:01 (386 turns).

qw the Chopper (Tengu Warper)                        Turns: 386, Time: 00:00:02

Health: 0/17       AC:  3    Str: 11    XL:     2   Next: 20%
Magic:  6/6        EV: 11    Int: 13    God:
Gold:   17         SH:  0    Dex: 13    Spells: 5/5 levels left

rFire   . . .      SeeInvis .   a - +0 hand axe
rCold   . . .      Faith    .   (no shield)
rNeg    . . .      Spirit   .   b - +0 leather armour
rPois   .          Reflect  .   (helmet restricted)
rElec   .          Harm     .   (no cloak)
rCorr   .          Rampage  .   (no gloves)
Will    .....                   (boots unavailable)
Stlth   +.........              (no amulet)
HPRegen 0.05/turn               (no ring)
MPRegen 0.10/turn               (no ring)

@: no status effects
A: beak, talons 3
a: no special abilities


You were on level 1 of the Dungeon.
You visited 1 branch of the dungeon, and saw 1 of its levels.

You collected 17 gold pieces.


Innate Abilities, Weirdness & Mutations

You have a beak for a mouth.
You have claws for feet.


   Skills:
 - Level 2.0 Fighting
 + Level 3.1 Axes
 - Level 1.0 Throwing
 - Level 1.1 Armour
 - Level 2.1 Dodging
 - Level 2.0 Spellcasting
 - Level 2.4 Translocations


You had 5 spell levels left.
You didn't know any spells.
Your spell library contained the following spells:

 Spells                   Type           Power      Damage    Failure   Level
 Blink                    Tloc           14%        N/A       19%         2
 Gell's Gravitas          Tloc           7%         N/A       36%         3
 Lesser Beckoning         Tloc           7%         N/A       36%         3
 Teleport Other           Tloc           7%         N/A       36%         3
 Manifold Assault         Tloc           7%         N/A       98%         5

Inventory:

Hand Weapons
 a - a +0 hand axe (weapon)
 f - a +0 club
Missiles
 d - 4 boomerangs of dispersal (quivered)
Armour
 b - a +0 leather armour (worn)
Scrolls
 c - a scroll of blinking
 e - a scroll of summoning {unknown}

Dungeon Overview and Level Annotations

Branches:
Dungeon (1/15)

Altars:


Message History

HP restored.
f - a +0 club You see here a goblin corpse.
Found a robe. 2 kobolds come into view.
Found a short sword.
The kobold shouts!
372 ||| Stepping ~*~*~tactically~*~*~ (stealth).
A kobold, a gnoll and a quokka come into view.
The kobold shouts!
The gnoll shouts!
The quokka moves out of view.
374 ||| Stepping ~*~*~tactically~*~*~ (hiding).
375 ||| Stepping ~*~*~tactically~*~*~ (hiding).
You start waiting.
There are monsters nearby!
377 ||| Stepping ~*~*~tactically~*~*~ (hiding).
Found a stone staircase leading down.
You hit the kobold but do no damage. Your kick misses the kobold.
The kobold hits you with a +0 short sword.
You barely miss the kobold. Your kick misses the kobold.
The kobold closely misses you.
The gnoll hits you from afar with a +0 spear!
You completely miss the kobold. The kobold misses you.
The gnoll completely misses you. The kobold closely misses you.
The gnoll hits you from afar with a +0 spear.
You hit the kobold.
You kill the kobold!
The gnoll barely misses you. The gnoll hits you but does no damage.
You see here a +0 short sword.
You hit the gnoll but do no damage. Your peck misses the gnoll.
The gnoll completely misses you.
You closely miss the gnoll. You claw the gnoll, but do no damage.
You peck the gnoll, but do no damage. The gnoll hits you with a +0 spear.
You hit the gnoll.
The gnoll is moderately wounded.
The gnoll hits you with a +0 spear.
You die...

#. .... #. ...> #.
....... #. #....).. #.
........ ###.#. .[....
#....# .....
#....##..# #....@g#
#......# #......#
#......#
#......###############
#.......).............
#.......%.%...........
###.....)..##.....####
...........##.........


You could see a gnoll.

Vanquished Creatures
  A bat (D:1)
  A goblin (D:1)
  3 jackals (D:1)
  3 kobolds (D:1)
8 creatures vanquished.

Notes
Turn   | Place    | Note
-------+----------+-------------------------------------------
     0 | D:1      | qw the Tengu Warper began the quest for the Orb.
     0 | D:1      | Reached XP level 1. HP: 12/12 MP: 4/4
     0 | D:1      | 0 ||| qw: Version: 0.1-a-89-g26bdef1
     0 | D:1      | 0 ||| qw: Game counter: 1398
     0 | D:1      | 0 ||| qw: Always use a shield: true
     0 | D:1      | 0 ||| qw: God list: Okawaru
     0 | D:1      | 0 ||| qw: Allow faded altars: false
     0 | D:1      | 0 ||| qw: Do Orc after D:15 true
     0 | D:1      | 0 ||| qw: Do second Lair branch before Depths: true
     0 | D:1      | 0 ||| qw: Lair rune preference: random
     0 | D:1      | 0 ||| qw: Plans: Normal
     0 | D:1      | 0 ||| PLANNING D:1-11
   224 | D:1      | Reached XP level 2. HP: 10/17 MP: 6/6
   225 | D:1      | Reached skill level 3 in Axes
   372 | D:1      | 372 ||| Stepping ~*~*~tactically~*~*~ (stealth).
   374 | D:1      | 374 ||| Stepping ~*~*~tactically~*~*~ (hiding).
   375 | D:1      | 375 ||| Stepping ~*~*~tactically~*~*~ (hiding).
   377 | D:1      | 377 ||| Stepping ~*~*~tactically~*~*~ (hiding).
   381 | D:1      | HP: 3/17 [gnoll/+0 spear (3)]
   386 | D:1      | Slain by a gnoll

Levels and vault maps discovered:
D:1:      amcnicky_arrival_single_pillar, layout_basic, st_stairs_5

Skill      XL: |  1  2 |
---------------+-------+-----
Axes           | 3 |  3.1
Fighting       | |  2.0
Throwing       | |  1.0
Armour         | |  1.1
Dodging        | |  2.1
Spellcasting   | |  2.0
Translocations | |  2.4

Action                   || total
-------------------------++-------
Melee: Hand axe          ||    19
       Kick              ||     4
       Peck              ||     2
Throw: Boomerang         ||     3
Armor: Leather armour    ||     5
Dodge: Dodged            ||    14

Table legend:
 A = Non-vault XP
 B = Vault XP
 C = Vault XP percentage of total XP
 D = Non-vault monster count
 E = Vault monster count
 F = Vault count percentage of total count
                 A         B        C        D         E       F
            +---------+---------+-------+---------+---------+-------
      Total |      14 |       1 |   6.7 |       7 |       1 |  12.5
            +---------+---------+-------+---------+---------+-------
        D:1 |      14 |       1 |   6.7 |       7 |       1 |  12.5
            +---------+---------+-------+---------+---------+-------
